Map: Oxide LE

Players

DPGDark (Dark) - Winner!

  • Race: Zerg Zerg
  • League: Master
  • Spawn Location: 7:00

PartinG

  • Race: Protoss Protoss
  • League: Grandmaster
  • Spawn Location: 1:00

Event: TSL 6

VOD

Have the link to the VOD?

Description

Time

  • Played on: Dec. 13, 2020, 10:34 a.m.
  • Length: 14:53

All games in this series

Show
View Real Time Build Order
Export as new Build Order

DPGDark Zerg - Winner!

Build Orders: Hatch First 

Get SALT Encoding   

  12  0:00  Drone  
  13  0:11  Overlord  
  13  0:16  Drone  
  14  0:30  Drone x2  
  16  0:45  Drone x2  
  18  0:55  Hatchery  
  17  0:58  Drone  
  17  0:59  Extractor  
  17  1:12  Spawning Pool  
  17  1:16  Drone  
  17  1:22  Drone  
  18  1:28  Drone  
  19  1:39  Drone  
  20  1:50  Hatchery  
  19  1:56  Drone  
  19  2:01  Metabolic Boost  
  20  2:04  Drone  
  21  2:12  Queen  
  23  2:17  Drone  
  23  2:19  Drone  
  25  2:25  Overlord  
  25  2:31  Drone  
  25  2:33  Zergling x2  
  25  2:34  Zergling x2  
  28  2:43  Queen  
  30  2:45  Zergling x2  
  30  2:48  Drone  
  32  2:52  Queen  
  34  2:59  Drone x2  
  34  3:04  Drone x3  
  39  3:10  Queen  
  41  3:14  Overlord  
  41  3:16  Drone  
  42  3:34  Roach Warren, Drone x5  
  47  3:37  Spore Crawler  
  47  3:38  Drone  
  47  3:39  Spore Crawler  
  47  3:40  Drone  
  46  3:48  Overlord  
  46  3:50  Drone x2  
  48  3:56  Extractor, Drone  
  48  3:57  Drone x2  
  48  3:59  Overlord  
  50  4:13  Overlord  
  50  4:14  Overlord  
  52  4:17  Roach x3  
  52  4:18  Zergling x10  
  61  4:25  Zergling x2  
  61  4:26  Zergling x6  
  65  4:32  Zergling x4  
  65  4:37  Drone  
  65  4:38  Drone  
  69  4:39  Ravager x2  
  69  4:42  Zergling x2  
  72  4:50  Zergling x8  
  76  4:56  Zergling x4  
  75  5:01  Spore Crawler  
  75  5:04  Zergling x14  
  77  5:11  Zergling x4  
  78  5:18  Ravager  
  78  5:20  Zergling x4  
  81  5:32  Zergling x12  
  74  5:43  Drone x2  
  74  5:48  Drone  
  75  5:54  Drone x2  
  75  5:56  Drone  
  72  6:00  Drone x2  
  72  6:02  Lair  
  73  6:05  Drone  
  74  6:13  Overlord  
  74  6:17  Drone x5  
  74  6:18  Drone x2  
  81  6:21  Drone  
  82  6:27  Overlord  
  82  6:28  Evolution Chamber  
  82  6:29  Overlord  
  82  6:31  Overlord  
  80  6:41  Drone  
  80  6:42  Drone x7  
  83  6:49  Baneling Nest  
  83  6:50  Drone x3  
  83  6:52  Drone  
  86  6:54  Drone  
  86  6:55  Drone  
  86  6:59  Zerg Melee Weapons Level 1  
  87  7:08  Drone x5  
  81  7:19  Drone x2  
  81  7:20  Drone x6  
  89  7:23  Drone  
  89  7:31  Roach x3  
  94  7:40  Roach x2  
  94  7:41  Roach x3  
  104  7:44  Extractor  
  104  7:45  Extractor x2  
  101  7:57  Overlord  
  96  8:01  Drone x8  
  96  8:04  Centrifical Hooks  
  104  8:09  Hatchery  
  104  8:12  Drone x4  
  107  8:20  Roach x4  
  107  8:21  Overlord, Glial Reconstitution  
  113  8:27  Overseer  
  113  8:39  Overlord  
  113  8:42  Roach x4  
  113  8:45  Overlord  
  113  8:46  Overlord  
  113  8:48  Overlord  
  121  8:55  Hatchery  
  119  8:58  Roach x3  
  119  8:59  Roach x2  
  119  9:01  Zerg Melee Weapons Level 2  
  129  9:10  Hatchery  
  129  9:16  Roach x4  
  129  9:17  Zergling x12  
  135  9:20  Drone  
  139  9:26  Drone x3  
  139  9:30  Overseer  
  142  9:36  Drone x5  
  148  9:41  Pneumatized Carapace  
  148  9:44  Zergling x2  
  148  9:45  Zergling x10  
  150  9:46  Hatchery, Overseer  
  150  9:48  Zergling x2  
  150  9:49  Ravager x2  
  150  9:53  Zergling x4  
  150  9:55  Overlord  
  150  9:56  Overlord  
  150  9:59  Overlord  
  152  10:00  Overlord  
  152  10:03  Overlord  
  152  10:04  Overlord  
  150  10:08  Queen  
  150  10:09  Overlord  
  150  10:12  Overlord  
  150  10:13  Queen x2, Baneling  
  150  10:14  Baneling x6  
  154  10:16  Zergling x12  
  154  10:17  Ravager x2  
  154  10:18  Ravager x2  
  164  10:23  Baneling x9  
  164  10:25  Zergling x4  
  166  10:40  Zergling x14  
  166  10:42  Zergling x8  
  159  10:51  Zergling x10  
  159  10:56  Zergling x8  
  160  11:08  Drone x5  
  160  11:10  Drone x2  
  167  11:14  Drone x2  
  167  11:18  Zerg Missile Weapons Level 1  
  169  11:22  Zergling x6  
  169  11:23  Hatchery  
  169  11:24  Ravager x4  
  169  11:25  Ravager x3  
  174  11:32  Zergling x2  
  174  11:33  Zergling x12  
  174  11:39  Baneling  
  177  11:40  Baneling x8  
  177  11:43  Zergling x2  
  177  11:44  Zergling x8  
  180  11:54  Overlord  
  180  11:55  Baneling x12  
  180  11:56  Baneling x2  
  180  11:57  Zergling x10  
  180  11:58  Zergling x4  
  183  12:05  Zergling x16  
  181  12:11  Zergling x8  
  179  12:18  Infestation Pit  
  166  12:27  Roach x11  
  147  12:30  Zergling x6  
  147  12:36  Zergling x12  
  148  12:41  Ravager x3  
  148  12:45  Roach x4  
  148  12:50  Zergling x2  
  148  12:51  Zergling x10  
  157  12:55  Zergling x12  
  161  13:01  Zergling x12  
  161  13:02  Ravager x3  
  161  13:04  Zergling x4  
  161  13:05  Zergling x2  
  173  13:10  Zergling x8  
  176  13:15  Zergling x2  
  176  13:16  Zergling x6  
  164  13:27  Roach x3  
  164  13:29  Zergling x12  
  164  13:30  Zergling x6  
  178  13:35  Zergling x2, Hive  
  178  13:36  Zergling x4  
  178  13:39  Drone x2, Ravager x3  
  178  13:40  Drone  
  183  13:45  Drone x2  
  183  13:48  Baneling x4  
  183  13:50  Zergling x18  
  183  13:53  Baneling x5  
  191  13:59  Baneling x6  
  191  14:00  Baneling  
  190  14:03  Zergling x2  
  190  14:04  Zergling x10  
  195  14:10  Zergling x6  
  198  14:21  Zergling x4  
  198  14:23  Baneling x14  
  188  14:36  Zergling x34  
Show
View Real Time Build Order
Export as new Build Order

PartinG Protoss 

Build Orders: 1 Gate Expand, Mass Adepts 

Get SALT Encoding   

  12  0:00  Probe  
  13  0:13  Pylon  
  13  0:17  Probe (Chrono Boost)  
  14  0:26  Probe (Chrono Boost)  
  15  0:31  Probe (Chrono Boost)  
  16  0:41  Gateway  
  16  0:43  Probe  
  16  0:49  Assimilator  
  17  0:55  Probe  
  18  1:07  Probe  
  19  1:20  Probe  
  20  1:26  Nexus  
  20  1:34  Cybernetics Core  
  20  1:37  Probe  
  21  1:45  Assimilator  
  21  1:49  Probe  
  21  1:53  Pylon  
  22  2:04  Probe  
  22  2:08  Adept (Chrono Boost)  
  23  2:10  Warp Gate  
  25  2:16  Probe  
  25  2:20  Twilight Council  
  26  2:28  Probe (Chrono Boost)  
  26  2:29  Stalker (Chrono Boost)  
  29  2:38  Probe (Chrono Boost)  
  31  2:46  Probe (Chrono Boost)  
  31  2:48  Probe (Chrono Boost)  
  31  2:49  Robotics Facility  
  32  2:53  Probe x2 (Chrono Boost)  
  34  3:01  Gateway  
  34  3:06  Adept  
  34  3:08  Probe  
  34  3:12  Probe  
  38  3:15  Resonating Glaives (Chrono Boost)  
  38  3:22  Probe  
  38  3:24  Probe  
  38  3:25  Gateway  
  40  3:33  Gateway  
  40  3:37  Warp Prism (Chrono Boost)  
  42  3:45  Pylon  
  42  3:46  Probe  
  42  3:48  Probe  
  44  3:58  Gateway  
  44  3:59  Gateway  
  44  4:05  Adept x2  
  44  4:09  Probe  
  49  4:12  Pylon  
  49  4:14  Pylon  
  49  4:27  Adept x2  
  49  4:30  Adept x2  
  57  4:34  Pylon  
  57  4:52  Adept x5  
  61  4:55  Adept  
  53  5:14  Adept x5  
  61  5:17  Adept  
  65  5:25  Probe x2  
  55  5:36  Adept x2  
  55  5:37  Adept x3  
  55  5:38  Assimilator  
  55  5:39  Assimilator  
  57  5:48  Probe x2  
  57  5:54  Dark Shrine  
  53  6:00  Probe x2  
  47  6:08  Adept x4  
  55  6:12  Probe x2  
  55  6:13  Shield Battery  
  55  6:14  Adept  
  55  6:18  Adept  
  61  6:23  Observer  
  62  6:37  Probe  
  62  6:38  Probe  
  56  6:50  Adept x2, Probe x2  
  56  6:51  Adept x4  
  70  6:57  Pylon  
  65  7:12  Adept x4  
  65  7:13  Adept x2  
  57  7:26  Pylon  
  57  7:27  Gateway x2  
  57  7:31  Dark Templar x3  
  57  7:32  Dark Templar  
  57  7:35  Dark Templar  
  63  7:38  Adept  
  63  7:41  Blink (Chrono Boost)  
  65  7:48  Pylon  
  63  8:02  Adept, Nexus  
  63  8:03  Adept  
  63  8:04  Adept x3  
  73  8:07  Pylon  
  73  8:09  Shield Battery  
  73  8:21  Observer  
  73  8:28  Stalker x2  
  73  8:29  Stalker x4  
  85  8:34  Stalker  
  88  8:41  Probe x2  
  88  8:47  Stalker  
  91  8:54  Robotics Bay  
  91  8:58  Forge  
  91  8:59  Zealot x2  
  87  9:12  Stalker  
  87  9:14  Probe  
  89  9:20  Stalker  
  91  9:28  Stalker x2  
  95  9:37  Disruptor (Chrono Boost)  
  95  9:41  Protoss Ground Weapons Level 1 (Chrono Boost)  
  96  9:46  Stalker x2  
  100  9:59  Probe x2 (Chrono Boost)  
  103  10:02  Probe (Chrono Boost)  
  102  10:07  Photon Cannon  
  102  10:10  Probe x2 (Chrono Boost)  
  102  10:11  Disruptor (Chrono Boost)  
  104  10:14  Stalker  
  104  10:17  Probe x2 (Chrono Boost)  
  104  10:18  Probe (Chrono Boost)  
  112  10:28  Probe x2  
  114  10:29  Stalker x2  
  114  10:30  Probe  
  114  10:33  Assimilator  
  108  10:51  Stalker x4  
  108  10:54  Stalker  
  106  11:06  Stalker x2  
  106  11:07  Stalker  
  112  11:16  Photon Cannon  
  113  11:18  Observer (Chrono Boost)  
  113  11:24  Stalker x2  
  113  11:25  Stalker  
  119  11:29  Assimilator  
  117  11:40  Stalker x3  
  117  11:46  Adept  
  125  11:49  Pylon  
  125  11:50  Pylon  
  125  12:11  Stalker x3  
  125  12:12  Stalker x3  
  80  12:31  Stalker x2  
  80  12:42  Dark Templar  
  82  12:56  Probe x2  
  82  12:58  Probe  
  85  13:00  Extended Thermal Lance (Chrono Boost), Dark Templar  
  85  13:01  Colossus (Chrono Boost)  
  91  13:10  Probe  
  91  13:12  Adept  
  95  13:16  Adept  
  94  13:33  Stalker x3  
  86  13:35  Observer  
  85  13:45  Stalker  
  82  13:58  Sentry x4  
  90  14:06  Stalker  
  92  14:20  Adept x2  
  95  14:30  Adept  
  80  14:39  Adept  
Tags
 
Add a new tag
Caveats
  • Supply blocks, unpowered buildings, or Contaminate may cause inaccurate times.
  • Supply counts are checked every 10 seconds.